 Dungeon Crawl Stone Soup version 0.31-a0-188-g5e087ee2ca (webtiles) character file.

Game seed: 1626721367132692360

5501 qw the Markself (level 10, -4/59 HPs)
             Began as a Deep Elf Hunter on June 23, 2023.
             Was a Believer of Okawaru.
             Killed from afar by a tengu conjurer (25 damage)
             ... with a bolt of lightning
             ... on level 8 of the Dungeon.
             The game lasted 00:03:04 (8163 turns).

qw the Markself (Deep Elf Hunter)                   Turns: 8163, Time: 00:03:05

Health: -4/59      AC: 16    Str: 11    XL:     10   Next: 42%
Magic:  14/15      EV: 19    Int: 17    God:    Okawaru [**....]
Gold:   443        SH:  0    Dex: 22    Spells: 9/9 levels left

rFire   . . .        Y - +0 orcbow
rCold   . . .        (shield currently unavailable)
rNeg    + + +        i - +0 ring mail
rPois   +            g - +0 helmet
rElec   .            (no cloak)
rCorr   .            h - +2 pair of gloves
SInv    +            c - +2 pair of boots of Negligence {Drain rN+++ Int+3 SInv}
Will    +....        (no amulet)
Stlth   +++          m - ring of poison resistance
HPRegen 0.29/turn    (no ring)
MPRegen 0.14/turn

%: no passive effects
@: heroic
A: hooves 1, iridescent scales 1, agile 1
a: Renounce Religion, Heroism


You were on level 8 of the Dungeon.
You worshipped Okawaru.
Okawaru was pleased with you.
You visited 2 branches of the dungeon, and saw 9 of its levels.

You collected 443 gold pieces.


Innate Abilities, Weirdness & Mutations

You have large cloven feet.
You are partially covered in iridescent scales. (AC +2)
You are agile. (Dex +4, Str/Int -1)


   Skills:
 - Level 5.0(10.0) Fighting
 - Level 16.0(21.0) Ranged Weapons
 + Level 2.8(7.8) Armour
 - Level 8.0(13.0) Dodging
 - Level 1.2(6.2) Stealth
 - Level 4.0 Invocations


You had 9 spell levels left.
You didn't know any spells.
Your spell library was empty.

Inventory:

Hand Weapons
 Y - a +0 orcbow (weapon)
Armour
 c - the +2 pair of boots of Negligence (worn) {Drain rN+++ Int+3 SInv}
   (You found it on level 5 of the Dungeon)

   Int:       It affects your intelligence (+3).
   rN:        It renders you almost immune to negative energy.
   SInv:      It lets you see invisible.
   Drain:     It drains your maximum health when unequipped.
 g - a +0 helmet (worn)
 h - a +2 pair of gloves (worn)
 i - a +0 ring mail (worn)
Jewellery
 m - a ring of poison resistance (left hand)
Scrolls
 j - a scroll of identify
Potions
 a - a potion of curing
 b - a potion of haste
 d - a potion of magic
 e - a potion of cancellation
 f - a potion of might
 k - a potion of resistance
 l - a potion of lignification {unknown}

Dungeon Overview and Level Annotations

Branches:
Dungeon (8/15)             Temple (1/1) D:6
   Lair: D:8-11

Altars:
Ashenzari
Cheibriados
Dithmenos
Elyvilon
Fedhas
Gozag
Hepliaklqana
Kikubaaqudgha
Makhleb
Nemelex Xobeh
Okawaru
Qazlal
Ru
Sif Muna
Trog
Uskayaw
Vehumet
Wu Jian
Xom
Yredelemnul
Zin
The Shining One

Annotations:
D:2 1 runed translucent door, Crazy Yiuf


Message History

You gain the combat prowess of a mighty hero.
The tengu conjurer hits you! The tengu conjurer closely misses you.
The tengu conjurer misses you.
You shoot an arrow. The arrow hits the tengu conjurer.
The tengu conjurer is heavily wounded.
You hear two shouts!
The tengu conjurer completely misses you.
The tengu conjurer pecks you but does no damage.
The tengu conjurer closely misses you.
A two-headed ogre comes into view.
It is wielding a +0 giant club and a +0 giant spiked club.
You shoot an arrow.
The arrow closely misses the tengu conjurer.
The tengu conjurer closely misses you.
The tengu conjurer completely misses you.
The tengu conjurer misses you. The tengu conjurer closely misses you.
The tengu conjurer misses you. The tengu conjurer closely misses you.
You shoot an arrow. The arrow hits the tengu conjurer.
The tengu conjurer is heavily wounded.
The tengu conjurer barely misses you.
The tengu conjurer completely misses you.
The tengu conjurer barely misses you.
The tengu conjurer closely misses you. x3
You shoot an arrow. The arrow hits the tengu conjurer!
You kill the tengu conjurer!
Okawaru is honoured by your kill.
The battlesphere dissipates.
The tengu conjurer barely misses you. The tengu conjurer misses you. x2
You shoot an arrow. The arrow hits the two-headed ogre!!
The two-headed ogre is moderately wounded.
The two-headed ogre hits you with a +0 giant club.
The two-headed ogre hits you with a +0 giant spiked club!
The tengu conjurer misses you. The tengu conjurer barely misses you.
The tengu conjurer claws you.
You shoot an arrow.
The arrow hits the two-headed ogre but does no damage.
The two-headed ogre is moderately wounded.
You shoot an arrow. The arrow hits the two-headed ogre!
The two-headed ogre is heavily wounded.
The tengu conjurer casts a spell at you.
The bolt of lightning hits you!!
You die...

##..............#.........##.##
##.............#...######.....#
#.............#..### ###...#
##...####....##.## . ##..#
##...####)).#..# ..# #..#
##...##......##..# ##.#
#......<0...'..Q# #.#
#......#..OQ#....Q# #.#
#......##.%@# ..Q.# #.#
#......###..# .#.. #.#
##..#...# #..## # . ##.#
#..##...# #...# #..#
##.####..###...## ##.## ##.##
##..##....### ###..# ##..#
###..........######...##
##..#####...#..>..............#
#....#....######.......#####.##


You could see a two-headed ogre and a tengu conjurer.

Vanquished Creatures
  A boulder beetle (D:6)
  2 tengu conjurers (D:8)
  A troll (D:5)
  4 yaks (D:8)
  Eustachio (D:5)
  2 water moccasins
  A black bear (D:8)
  3 orc warriors
  2 ice beasts
  2 sky beasts
  3 centaurs
  2 phantoms
  4 bullfrogs
  A kobold brigand (D:8)
  3 scorpions
  A gnoll sergeant (D:5)
  14 wights
  5 killer bees
  2 howler monkeys
  4 hounds
  3 jellies
  2 iguanas
  An orc wizard (D:7)
  Robin (D:2)
  8 adders
  5 gnolls (D:5)
  A shadow imp (D:6)
  4 white imps
  2 worms
  4 dart slugs
  28 orcs
  4 endoplasms
  2 giant cockroaches
  17 goblins
  7 hobgoblins
  13 jackals
  7 kobolds
  10 quokkas
  5 ball pythons
  A bat (D:2)
  4 frilled lizards
  5 rats
192 creatures vanquished.

Notes
Turn   | Place    | Note
-------+----------+-------------------------------------------
     0 | D:1      | qw the Deep Elf Hunter began the quest for the Orb.
     0 | D:1      | Reached XP level 1. HP: 12/12 MP: 3/3
     0 | D:1      | 0 ||| qw: Version: 0.3-a-9-g12657ce
     0 | D:1      | 0 ||| qw: Game counter: 3568
     0 | D:1      | 0 ||| qw: Always use a shield: true
     0 | D:1      | 0 ||| qw: God list: Okawaru
     0 | D:1      | 0 ||| qw: Allow faded altars: false
     0 | D:1      | 0 ||| qw: Do Orc after D:15 true
     0 | D:1      | 0 ||| qw: Do second Lair branch before Depths: true
     0 | D:1      | 0 ||| qw: Lair rune preference: random
     0 | D:1      | 0 ||| qw: Plans: Normal
     0 | D:1      | 0 ||| PLANNING D:1-11
   304 | D:1      | Reached skill level 6 in Ranged Weapons
   304 | D:1      | Reached XP level 2. HP: 16/16 MP: 4/4
   834 | D:1      | 834 ||| UPGRADING to +0 ring mail.
   844 | D:1      | 844 ||| DROPPING +0 leather armour.
   845 | D:1      | 845 ||| READING scroll labelled TUWEADW DULARO.
   846 | D:1      | 846 ||| READING scroll labelled ACKUAG DEWA.
   849 | D:1      | 849 ||| READING scroll labelled UPIETOW QEBIPAH.
   850 | D:1      | 850 ||| READING scroll labelled SIOTABR BEBO.
   851 | D:1      | 851 ||| DRINKING 2 fuming puce potions.
   851 | D:1      | Gained mutation: Your body sometimes deteriorates upon
                  | taking damage. [potion of mutation]
   851 | D:1      | Gained mutation: You occasionally lose the ability to drink
                  | potions when taking damage. [potion of mutation]
   852 | D:1      | 852 ||| DRINKING potion of mutation.
   852 | D:1      | Lost mutation: You occasionally lose the ability to drink
                  | potions when taking damage. [potion of mutation]
   852 | D:1      | Lost mutation: Your body sometimes deteriorates upon taking
                  | damage. [potion of mutation]
   852 | D:1      | Gained mutation: You have large cloven feet. [potion of
                  | mutation]
   852 | D:1      | Gained mutation: You have hidden genetic potential. [potion
                  | of mutation]
   853 | D:1      | 853 ||| DROPPING scroll of butterflies.
   972 | D:2      | Reached XP level 3. HP: 20/20 MP: 5/5
  1081 | D:2      | Reached skill level 7 in Ranged Weapons
  1092 | D:2      | Gained mutation: You are partially covered in iridescent
                  | scales. (AC +2) [hidden potential]
  1154 | D:2      | 1154 ||| READING scroll of enchant weapon.
  1154 | D:2      | 1154 ||| ENCHANTING +1 shortbow.
  1195 | D:2      | Noticed Robin
  1212 | D:2      | Reached XP level 4. HP: 12/25 MP: 6/6
  1216 | D:2      | Killed Robin
  1474 | D:2      | Gained mutation: You are agile. (Dex +4, Str/Int -1)
                  | [hidden potential]
  1474 | D:2      | Lost mutation: You have hidden genetic potential. [hidden
                  | potential expressed]
  1767 | D:2      | Found a runed translucent door.
  1768 | D:2      | Noticed Crazy Yiuf
  1791 | D:2      | 1791 ||| UPGRADING to +0 helmet.
  1796 | D:2      | 1796 ||| UPGRADING to +0 pair of gloves.
  1801 | D:2      | 1801 ||| READING 3 scrolls labelled LIOL HATY MEM.
  1802 | D:2      | 1802 ||| READING 2 scrolls of enchant armour.
  1802 | D:2      | 1802 ||| ENCHANTING +0 pair of gloves.
  1803 | D:2      | 1803 ||| READING scroll of enchant armour.
  1803 | D:2      | 1803 ||| ENCHANTING +1 pair of gloves.
  1804 | D:2      | 1804 ||| READING scroll labelled IVATRO VOREF NOTRI.
  1805 | D:2      | 1805 ||| READING scroll labelled HEILILUAFF.
  1806 | D:2      | 1806 ||| DRINKING 2 fuming yellow potions.
  2041 | D:3      | Reached skill level 8 in Ranged Weapons
  2163 | D:3      | HP: 4/25 [orc/+0 mace (3)]
  2492 | D:3      | 2492 ||| READING scroll labelled AKIGOMA OGUN.
  2536 | D:3      | 2536 ||| DRINKING 2 brown potions.
  2613 | D:4      | 2613 ||| STAIRDANCE
  2619 | D:3      | Reached XP level 5. HP: 20/29 MP: 7/7
  2663 | D:4      | 2663 ||| STAIRDANCE
  2693 | D:4      | 2693 ||| STAIRDANCE
  2803 | D:4      | Noticed a phantom
  2811 | D:4      | Killed a phantom
  2812 | D:4      | Reached skill level 9 in Ranged Weapons
  2821 | D:4      | Reached XP level 6. HP: 36/36 MP: 8/8
  2902 | D:4      | Reached skill level 3 in Dodging
  3084 | D:4      | 3084 ||| READING 3 scrolls of enchant weapon.
  3084 | D:4      | 3084 ||| ENCHANTING +2 shortbow.
  3085 | D:4      | 3085 ||| READING 2 scrolls of enchant weapon.
  3085 | D:4      | 3085 ||| ENCHANTING +3 shortbow.
  3086 | D:4      | 3086 ||| READING scroll of enchant weapon.
  3086 | D:4      | 3086 ||| ENCHANTING +4 shortbow.
  3240 | D:4      | 3240 ||| DRINKING 2 sedimented ruby potions.
  3241 | D:4      | 3241 ||| READING 4 scrolls of identify.
  3241 | D:4      | 3241 ||| IDENTIFYING black potion
  3242 | D:4      | 3242 ||| READING 3 scrolls of identify.
  3242 | D:4      | 3242 ||| IDENTIFYING metallic emerald potion
  3243 | D:4      | 3243 ||| READING 2 scrolls of identify.
  3243 | D:4      | 3243 ||| IDENTIFYING pink potion
  3244 | D:4      | 3244 ||| DROPPING potion of brilliance.
  3245 | D:4      | 3245 ||| DROPPING potion of degeneration.
  3246 | D:4      | 3246 ||| DROPPING potion of attraction.
  3272 | D:5      | Entered Level 5 of the Dungeon
  3273 | D:5      | Identified the +2 pair of boots of Negligence {Drain rN+++
                  | Int+3 SInv}
  3350 | D:5      | Reached skill level 1 in Armour
  3414 | D:5      | Reached skill level 10 in Ranged Weapons
  3429 | D:5      | Noticed a water moccasin
  3440 | D:5      | Killed a water moccasin
  3441 | D:5      | Reached XP level 7. HP: 19/40 MP: 9/9
  3579 | D:5      | Reached skill level 11 in Ranged Weapons
  3775 | D:5      | Noticed a troll
  3782 | D:5      | Killed a troll
  3868 | D:5      | Reached XP level 8. HP: 45/45 MP: 10/10
  3946 | D:5      | Noticed Eustachio
  3969 | D:5      | Killed Eustachio
  4032 | D:5      | 4032 ||| UPGRADING to +2 pair of boots of Negligence {Drain
                  | rN+++ Int+3 SInv}.
  4086 | D:6      | Reached skill level 12 in Ranged Weapons
  4164 | D:6      | 4164 ||| SWAPPING to +0 orcbow.
  4165 | D:6      | 4165 ||| DROPPING +5 shortbow.
  4176 | D:6      | Reached skill level 3 in Fighting
  4208 | D:6      | Found a staircase to the Ecumenical Temple.
  4209 | D:6      | 4209 ||| PLANNING TEMPLE
  4216 | Temple   | Entered the Ecumenical Temple
  4248 | Temple   | 4248 ||| PLANNING OKAWARU WORSHIP
  4445 | Temple   | 4445 ||| READING scroll labelled BAASHR REONUUX.
  4575 | Temple   | Became a worshipper of Warmaster Okawaru
  4576 | Temple   | 4576 ||| PLANNING D:1-11
  4718 | D:6      | Noticed a boulder beetle
  4735 | D:6      | HP: 11/46 [boulder beetle (7)]
  4736 | D:6      | 4736 ||| READING 2 scrolls of teleportation.
  4739 | D:6      | 4739 ||| READING scroll of teleportation.
  4782 | D:6      | 4782 ||| FLEEEEING.
  4783 | D:6      | 4783 ||| FLEEEEING.
  4784 | D:6      | 4784 ||| FLEEEEING.
  4785 | D:6      | 4785 ||| FLEEEEING.
  4786 | D:6      | 4786 ||| FLEEEEING.
  4787 | D:6      | 4787 ||| FLEEEEING.
  4788 | D:6      | 4788 ||| FLEEEEING.
  4789 | D:6      | 4789 ||| FLEEEEING.
  4790 | D:6      | 4790 ||| FLEEEEING.
  4791 | D:6      | 4791 ||| FLEEEEING.
  4792 | D:6      | 4792 ||| FLEEEEING.
  4793 | D:6      | 4793 ||| FLEEEEING.
  4800 | D:6      | 4800 ||| STAIRDANCE
  4865 | D:5      | 4865 ||| DRINKING 2 clear potions.
  4873 | D:6      | Reached skill level 13 in Ranged Weapons
  5096 | D:6      | HP: 6/46 [boulder beetle (13)]
  5102 | D:6      | Killed a boulder beetle
  5102 | D:6      | Reached * piety under Okawaru
  5103 | D:6      | Reached skill level 14 in Ranged Weapons
  5103 | D:6      | Reached XP level 9. HP: 9/50 MP: 11/11
  5332 | D:6      | Reached skill level 1 in Invocations
  5373 | D:6      | 5373 ||| UPGRADING to ring of poison resistance.
  5840 | D:7      | 5840 ||| INVOKING Heroism.
  5852 | D:7      | Reached skill level 3 in Invocations
  5856 | D:7      | Reached skill level 15 in Ranged Weapons
  5859 | D:7      | 5859 ||| INVOKING Heroism.
  6060 | D:7      | Reached skill level 6 in Dodging
  6060 | D:7      | 6060 ||| STAIRDANCE
  6067 | D:6      | 6067 ||| INVOKING Heroism.
  6209 | D:6      | 6209 ||| READING 2 scrolls of identify.
  6209 | D:6      | 6209 ||| IDENTIFYING fizzy silvery potion
  6217 | D:7      | 6217 ||| STAIRDANCE
  6219 | D:6      | 6219 ||| INVOKING Heroism.
  6230 | D:6      | HP: 12/51 [poisoned by a killer bee]
  6718 | D:7      | 6718 ||| READING scroll labelled PUODDETEPN.
  6865 | D:8      | 6865 ||| INVOKING Heroism.
  7009 | D:8      | 7009 ||| INVOKING Heroism.
  7058 | D:8      | Reached skill level 16 in Ranged Weapons
  7058 | D:8      | Reached XP level 10. HP: 46/56 MP: 15/15
  7059 | D:8      | Reached ** piety under Okawaru
  7064 | D:8      | 7064 ||| INVOKING Heroism.
  7298 | D:8      | Found a radiant altar of Vehumet.
  7710 | D:8      | 7710 ||| READING 2 scrolls of identify.
  7710 | D:8      | 7710 ||| IDENTIFYING fuming cyan potion
  7778 | D:8      | 7778 ||| STAIRDANCE
  7780 | D:7      | 7780 ||| INVOKING Heroism.
  8144 | D:8      | 8144 ||| Stepping ~*~*~tactically~*~*~ (outnumbered).
  8146 | D:8      | 8146 ||| Stepping ~*~*~tactically~*~*~ (outnumbered).
  8150 | D:8      | 8150 ||| Stepping ~*~*~tactically~*~*~ (outnumbered).
  8156 | D:8      | 8156 ||| INVOKING Heroism.
  8157 | D:8      | Noticed a two-headed ogre
  8163 | D:8      | Killed from afar by a tengu conjurer

Levels and vault maps discovered:
D:1:      dpeg_arrival_leaves_temple_mockup, layout_basic,
          minmay_misc_feat_enclosed
D:2:      layout_basic, minmay_cut_off, uniq_robin, uniq_crazy_yiuf_cottage
D:3:      corexii_shack_village, layout_basic
D:4:      layout_cave_pools, chequers_serial_rivers_large_a
D:5:      layout_gridville, uniq_eustachio
D:6:      layout_basic, minmay_temple_entry_tees
D:7:      layout_basic
D:8:      kennysheep_spiral_hall, layout_layer_cave,
          nicolae_overflow_crystal_walls, minmay_stone_trees_medium,
          hellmonk_guarded_unrand_sphere_of_battle
Temple:   nicolae_temple_the_god_donut

Skill      XL: |  1  2  3  4  5  6  7  8  9 10 |
---------------+-------------------------------+-----
Ranged Weapons | 6 7 8 9 10 11 14 16 | 16.0
Fighting       | 2 3 4 5 |  5.0
Dodging        | 3 5 6 8 |  8.0
Armour         | 1 2 |  2.8
Invocations    | 4 |  4.0
Stealth        | |  1.2

Action                     |  1- 3 |  4- 6 |  7- 9 | 10-12 || total
---------------------------+-------+-------+-------+-------++-------
   Fire: Shortbow          |    93 |   180 |    82 |       ||   355
         Orcbow            |       |       |   246 |   113 ||   359
 Invoke: Heroism           |       |       |     6 |     3 ||     9
    Use: Scroll            |     5 |    12 |     5 |     1 ||    23
         Potion            |     2 |     3 |     1 |       ||     6
 Armour: Leather armour    |     2 |       |       |       ||     2
         Ring mail         |    22 |    45 |    88 |    38 ||   193
  Dodge: Dodged            |    34 |    69 |   140 |   107 ||   350

Table legend:
 A = Non-vault XP
 B = Vault XP
 C = Vault XP percentage of total XP
 D = Non-vault monster count
 E = Vault monster count
 F = Vault count percentage of total count
                 A         B        C        D         E       F
            +---------+---------+-------+---------+---------+-------
      Total |    6428 |    1431 |  18.2 |     166 |      26 |  13.5
            +---------+---------+-------+---------+---------+-------
        D:1 |      34 |       0 |   0.0 |      19 |       0 |   0.0
        D:2 |      52 |      49 |  48.5 |      19 |      13 |  40.6
        D:3 |      59 |      12 |  16.9 |      20 |       6 |  23.1
        D:4 |     328 |       0 |   0.0 |      23 |       0 |   0.0
        D:5 |     922 |     202 |  18.0 |      23 |       1 |   4.2
        D:6 |    1964 |       0 |   0.0 |      20 |       0 |   0.0
        D:7 |     978 |       0 |   0.0 |      16 |       0 |   0.0
        D:8 |    2091 |    1168 |  35.8 |      26 |       6 |  18.8
            +---------+---------+-------+---------+---------+-------
